3L
CHICAGO HAWKS @ KINGSTON TOWNSHIP LEGION
04/20/2029
 
TOP OF THE 1ST
Chicago Hawks batting - Pitching for Kingston Township Legion : RHP Mike Chambers
Pitching: RHP Mike Chambers
Batting: RHB Reg Spiers 0-0: Ball
1-0: SINGLE (Groundball, 56D)
Batting: RHB Luis Rodríguez 0-0: Ball
1-0: Ball
2-0: Foul Ball, location: 2F
2-1: Fly out, F6 (Popup, 6M)
Batting: LHB Raúl Aguirre 0-0: Called Strike
0-1: Ball
1-1: Ball
2-1: Ball
3-1: Base on Balls
Reg Spiers to second
Batting: LHB Scott Janousek 0-0: Ball
1-0: Ball
2-0: Foul Ball, location: 2F
2-1: Foul Ball, location: 2F
2-2: Ball
3-2: Base on Balls
Reg Spiers to third
Raúl Aguirre to second
Batting: RHB Enrique Marroquín 0-0: Ball
1-0: Called Strike
1-1: Ball
2-1: Fly out, F8 (Flyball, 8RXD)
Runner from 3rd tags up, SCORES, no throw
Raúl Aguirre to third
Batting: LHB Errol Levick 0-0: Ball
1-0: Foul Ball, location: 2F
1-1: Ball
2-1: Ball
3-1: Foul Ball, location: 2F
3-2: Base on Balls
Scott Janousek to second
Batting: LHB Curt Wilson 0-0: Swinging Strike
0-1: Fly out, F9 (Flyball, 89XD)
Top of the 1st over - 1 run, 1 hit, 0 errors, 3 left on base; Chicago 1 - Kingston Township 0
BOTTOM OF THE 1ST
Kingston Township Legion batting - Pitching for Chicago Hawks : RHP Kenshin Koike
Pitching: RHP Kenshin Koike
Batting: LHB Armando Reyes 0-0: Swinging Strike
0-1: SINGLE (Groundball, 15S) (infield hit)
Batting: RHB Alfredo Cardenas 0-0: Ball
1-0: Swinging Strike
1-1: Swinging Strike
1-2: Ball
2-2: Strikes out swinging
Batting: RHB Clarence Neal 0-0: Swinging Strike
0-1: Ball
1-1: Foul Ball, location: 2F
1-2: Ball
2-2: Strikes out swinging
Batting: LHB Tommy Sullivan 0-0: Ball
1-0: Called Strike
1-1: Ball
2-1: Hit by Pitch
Armando Reyes to second
Batting: LHB Mike Gardner 0-0: Ball
1-0: Called Strike
1-1: Ball
2-1: Ball
3-1: Base on Balls
Armando Reyes to third
Tommy Sullivan to second
Batting: RHB Juan Aguirre 0-0: SINGLE (Line Drive, 78M)
Armando Reyes scores
Tommy Sullivan to third
Mike Gardner to second
Runner from 3rd tries for Home, SAFE, no throw
Batting: RHB Elia Amberezzio 0-0: Called Strike
0-1: Ball
1-1: Reached on error, E3 (Groundball, 3)
Mike Gardner to third
Juan Aguirre to second
Batting: RHB Juanito González 0-0: Fly out, F7 (Flyball, 7)
Bottom of the 1st over - 2 runs, 2 hits, 1 error, 3 left on base; Chicago 1 - Kingston Township 2
TOP OF THE 2ND
Chicago Hawks batting - Pitching for Kingston Township Legion : RHP Mike Chambers
Batting: RHB Paddy Hodnett 0-0: Ball
1-0: Fly out, F9 (Line Drive, 89M)
Batting: LHB Albert González 0-0: Ball
1-0: Ball
2-0: Ball
3-0: Called Strike
3-1: Base on Balls
Batting: RHB Reg Spiers 0-0: Ball
1-0: Ball
2-0: Foul Ball, location: 2F
2-1: Swinging Strike
2-2: Strikes out swinging
Batting: RHB Luis Rodríguez 0-0: Ball
1-0: Ball
2-0: Called Strike
2-1: Swinging Strike
2-2: Foul Ball, location: 2F
2-2: Ball
3-2: Base on Balls
Albert González to second
Batting: LHB Raúl Aguirre 0-0: SINGLE (Line Drive, 4M)
Albert González to third
Luis Rodríguez to second
Throwing error, E8
Albert González scores
Luis Rodríguez to third
Raúl Aguirre to second
Batting: LHB Scott Janousek 0-0: Called Strike
0-1: Foul Ball, location: 2F
0-2: Ball
1-2: Ball
2-2: Foul Ball, location: 2F
2-2: Ball
3-2: Ground out 4-3 (Groundball, 4)
Top of the 2nd over - 1 run, 1 hit, 1 error, 2 left on base; Chicago 2 - Kingston Township 2
BOTTOM OF THE 2ND
Kingston Township Legion batting - Pitching for Chicago Hawks : RHP Kenshin Koike
Batting: RHB Noel Wells 0-0: Ball
1-0: Ball
2-0: Ball
3-0: Called Strike
3-1: Base on Balls
Batting: LHB Armando Reyes 0-0: Swinging Strike
0-1: Ball
1-1: Ball
2-1: Ball
3-1: Called Strike
3-2: Strikes out looking
Batting: RHB Alfredo Cardenas 0-0: Ball
1-0: Called Strike
1-1: SINGLE (Groundball, 6MD)
Noel Wells to second
Batting: RHB Clarence Neal 0-0: Ball
Passed Ball!
Noel Wells to third
Alfredo Cardenas to second
1-0: Foul Ball, location: 2F
1-1: Ball
2-1: Swinging Strike
2-2: Strikes out swinging
Batting: LHB Tommy Sullivan 0-0: Fly out, F8 (Flyball, 8RM)
Bottom of the 2nd over - 0 runs, 1 hit, 0 errors, 2 left on base; Chicago 2 - Kingston Township 2
TOP OF THE 3RD
Chicago Hawks batting - Pitching for Kingston Township Legion : RHP Mike Chambers
Batting: RHB Enrique Marroquín 0-0: Ball
1-0: Ball
2-0: Called Strike
2-1: Ball
3-1: Base on Balls
Batting: LHB Errol Levick 0-0: Ball
1-0: Ball
2-0: Foul Ball, location: 2F
2-1: Swinging Strike
2-2: Ball
3-2: Fly out, F4 (Line Drive, 4)
Batting: LHB Curt Wilson 0-0: Swinging Strike
0-1: Ball
1-1: Ball
2-1: Swinging Strike
2-2: Strikes out swinging
Batting: RHB Paddy Hodnett 0-0: Ball
1-0: Ground out 5-3 (Groundball, 5S)
Top of the 3rd over - 0 runs, 0 hits, 0 errors, 1 left on base; Chicago 2 - Kingston Township 2
BOTTOM OF THE 3RD
Kingston Township Legion batting - Pitching for Chicago Hawks : RHP Kenshin Koike
Batting: LHB Mike Gardner 0-0: Ball
1-0: Ball
2-0: Ball
3-0: Base on Balls
Batting: RHB Juan Aguirre 0-0: Swinging Strike
0-1: Ball
1-1: Called Strike
1-2: Ball
2-2: Strikes out looking
Batting: RHB Elia Amberezzio 0-0: Ball
1-0: Ball
2-0: Ball
3-0: Base on Balls
Mike Gardner to second
Batting: RHB Juanito González 0-0: Ground out 3-1 (Groundball, 34S)
Mike Gardner to third
Elia Amberezzio to second
Batting: RHB Noel Wells 0-0: Called Strike
0-1: Ball
1-1: Ball
2-1: Foul Ball, location: 2F
2-2: Ball
3-2: SINGLE (Line Drive, 78S)
Mike Gardner scores
Elia Amberezzio to third
Elia Amberezzio scores
Batting: LHB Armando Reyes 0-0: Called Strike
0-1: Swinging Strike
0-2: Strikes out swinging
Bottom of the 3rd over - 2 runs, 1 hit, 0 errors, 1 left on base; Chicago 2 - Kingston Township 4
TOP OF THE 4TH
Chicago Hawks batting - Pitching for Kingston Township Legion : RHP Mike Chambers
Batting: LHB Albert González 0-0: Called Strike
0-1: Ball
1-1: SINGLE (Groundball, 34D)
Batting: RHB Reg Spiers 0-0: Ball
1-0: Swinging Strike
1-1: Ball
2-1: Called Strike
Albert González steals 2nd base
2-2: Foul Ball, location: 2F
2-2: Ground out 5-3 (Groundball, 56)
Batting: RHB Luis Rodríguez 0-0: SINGLE (Flyball, 34D)
Albert González to third
Runner from 3rd tries for Home, SAFE, no throw
Batting: LHB Raúl Aguirre 0-0: Ball
1-0: Ball
2-0: Foul Ball, location: 2F
2-1: Ground out 4-3 (Groundball, 4MS)
Luis Rodríguez to second
Batting: LHB Scott Janousek 0-0: Called Strike
0-1: Foul Ball, location: 2F
0-2: Strikes out looking
Top of the 4th over - 1 run, 2 hits, 0 errors, 1 left on base; Chicago 3 - Kingston Township 4
BOTTOM OF THE 4TH
Kingston Township Legion batting - Pitching for Chicago Hawks : RHP Kenshin Koike
Batting: RHB Alfredo Cardenas 0-0: Called Strike
0-1: TRIPLE (Flyball, 8LXD)
Batting: RHB Clarence Neal 0-0: Ball
1-0: Called Strike
1-1: Ball
2-1: SINGLE (Line Drive, 6M)
Alfredo Cardenas scores
Batting: LHB Tommy Sullivan 0-0: Foul Ball, location: 2F
0-1: Ball
1-1: Ball
2-1: Foul Ball, location: 2F
2-2: Fly out, F8 (Flyball, 8RXD)
Batting: LHB Mike Gardner 0-0: Ball
1-0: Called Strike
1-1: Ball
2-1: Ball
3-1: Base on Balls
Clarence Neal to second
Batting: RHB Juan Aguirre 0-0: Called Strike
0-1: Grounds into double play, 4-6-3 (Groundball, 4)
Bottom of the 4th over - 1 run, 2 hits, 0 errors, 1 left on base; Chicago 3 - Kingston Township 5
TOP OF THE 5TH
Chicago Hawks batting - Pitching for Kingston Township Legion : RHP Mike Chambers
Pitching: RHP Ken Frost
Batting: RHB Enrique Marroquín 0-0: Fly out, F4 (Line Drive, 34)
Batting: LHB Errol Levick 0-0: DOUBLE (Line Drive, 9LM)
Batting: LHB Curt Wilson 0-0: Ground out 4-3 (Groundball, 4)
Errol Levick to third
Batting: RHB Paddy Hodnett 0-0: Called Strike
0-1: Called Strike
0-2: Foul Ball, location: 2F
0-2: Ball
1-2: SINGLE (Groundball, 5S) (infield hit)
Errol Levick scores
Batting: LHB Albert González 0-0: Ball
1-0: Swinging Strike
1-1: Foul Ball, location: 2F
1-2: 2-RUN HOME RUN (Flyball, 9LD), Distance : 347 ft
Pinch Hitting: LHB Jeff Simpson 0-0: Swinging Strike
0-1: Foul Ball, location: 2F
0-2: Ball
1-2: Strikes out swinging
Top of the 5th over - 3 runs, 3 hits, 0 errors, 0 left on base; Chicago 6 - Kingston Township 5
BOTTOM OF THE 5TH
Kingston Township Legion batting - Pitching for Chicago Hawks : RHP Kenshin Koike
Pitching: RHP Artie Chávez
Now at SS: Zander Bailey
Batting: RHB Elia Amberezzio 0-0: Called Strike
0-1: Fly out, F7 (Flyball, 7D)
Batting: RHB Juanito González 0-0: Ball
1-0: SINGLE (Groundball, 34D)
Batting: RHB Noel Wells 0-0: Ball
Juanito González steals 2nd base
1-0: Ball
2-0: Ball
3-0: Base on Balls
Batting: LHB Armando Reyes 0-0: Ball
1-0: Called Strike
1-1: Swinging Strike
1-2: Ball
2-2: Strikes out swinging
Pinch Hitting: LHB António González 0-0: Called Strike
0-1: Fielders Choice at 2nd, 6-4 (Groundball, 6)
Bottom of the 5th over - 0 runs, 1 hit, 0 errors, 2 left on base; Chicago 6 - Kingston Township 5
TOP OF THE 6TH
Chicago Hawks batting - Pitching for Kingston Township Legion : RHP Ken Frost
Pitching: RHP Yosuke Takahashi
Now in RF: Dani Trejo
Pinch Hitting: SHB Javier Gonzáles 0-0: Fly out, F7 (Flyball, 7S)
Pinch Hitting: SHB Luis Manuel Flores 0-0: Ball
1-0: Ball
2-0: Ground out 4-3 (Groundball, 34D)
Pinch Hitting: RHB Jorge Salgado 0-0: Called Strike
0-1: Ball
1-1: DOUBLE (Flyball, 8LXD)
Batting: RHB Armando García 0-0: Ground out 6-3 (Groundball, 6)
Top of the 6th over - 0 runs, 1 hit, 0 errors, 1 left on base; Chicago 6 - Kingston Township 5
BOTTOM OF THE 6TH
Kingston Township Legion batting - Pitching for Chicago Hawks : RHP Artie Chávez
Now at 1B: Jorge Salgado
Now in LF: Javier Gonzáles
Now in RF: Félix González
Pinch Hitting: RHB Jim Scott 0-0: Ball
1-0: Foul Ball, location: 2F
1-1: Ball
2-1: Ground out 6-3 (Groundball, 6)
Pinch Hitting: RHB Júlio Rodríguez 0-0: Ball
1-0: Swinging Strike
1-1: SINGLE (Line Drive, 34D)
Batting: RHB EP Weston 0-0: Called Strike
0-1: Called Strike
0-2: Ball
1-2: Ball
Júlio Rodríguez steals 2nd base
2-2: Ball
3-2: SINGLE (Flyball, 78S)
Júlio Rodríguez to third
Runner from 3rd tries for Home, SAFE, no throw
Batting: RHB Juan Aguirre 0-0: Called Strike
0-1: SINGLE (Groundball, 56D)
EP Weston to second
Batting: RHB Elia Amberezzio 0-0: Called Strike
0-1: SINGLE (Groundball, 56D)
EP Weston to third
Juan Aguirre to second
Runner from 3rd tries for Home, SAFE, no throw
Batting: RHB Juanito González 0-0: Called Strike
0-1: Ball
1-1: Ball
2-1: Ball
3-1: Base on Balls
Juan Aguirre to third
Elia Amberezzio to second
Batting: RHB Noel Wells 0-0: Called Strike
0-1: Foul Ball, location: 2F
0-2: Foul Ball, location: 2F
0-2: Ball
1-2: Grounds into fielders choice 5-2 (Groundball, 56)
Elia Amberezzio to third
Juanito González to second
Batting: LHB Armando Reyes 0-0: Called Strike
0-1: Ball
1-1: Called Strike
1-2: Ball
2-2: Foul Ball, location: 2F
2-2: DOUBLE (Line Drive, 89M)
Elia Amberezzio scores
Juanito González scores
Noel Wells to third
Pitching: RHP Stanley Eldrige
Batting: RHB Dani Trejo 0-0: Ball
1-0: Foul Ball, location: 2F
1-1: Ball
2-1: Swinging Strike
2-2: Ball
3-2: Foul Ball, location: 2F
3-2: SINGLE (Groundball, 6MD)
Noel Wells scores
Armando Reyes to third
Armando Reyes scores
Batting: RHB Jim Scott 0-0: Ground out 1-3 (Groundball, 13)
Bottom of the 6th over - 6 runs, 6 hits, 0 errors, 1 left on base; Chicago 6 - Kingston Township 11
TOP OF THE 7TH
Chicago Hawks batting - Pitching for Kingston Township Legion : RHP Yosuke Takahashi
Now at 1B: Júlio Rodríguez
Now in LF: Jim Scott
Batting: LHB Errol Levick 0-0: Ball
1-0: Ball
2-0: Ball
3-0: Base on Balls
Pinch Hitting: RHB Curt Kenney 0-0: Called Strike
0-1: Called Strike
0-2: Grounds into double play, 6-4-3 (Groundball, 6)
Pinch Hitting: RHB Vincente Rotham 0-0: Ground out 6-3 (Groundball, 6)
Top of the 7th over - 0 runs, 0 hits, 0 errors, 0 left on base; Chicago 6 - Kingston Township 11
BOTTOM OF THE 7TH
Kingston Township Legion batting - Pitching for Chicago Hawks : RHP Stanley Eldrige
Now at 3B: Curt Kenney
Now at SS: Vincente Rotham
Batting: RHB Júlio Rodríguez 0-0: Called Strike
0-1: Ball
1-1: Ground out 1-3 (Groundball, 15S)
Batting: RHB EP Weston 0-0: Ball
1-0: Foul Ball, location: 2F
1-1: Ball
2-1: Ball
3-1: Base on Balls
Batting: RHB Juan Aguirre 0-0: Ball
1-0: Ball
2-0: Called Strike
2-1: Ball
3-1: Base on Balls
EP Weston to second
Batting: RHB Elia Amberezzio 0-0: Foul Ball, location: 2F
0-1: Hit by Pitch
EP Weston to third
Juan Aguirre to second
Batting: RHB Juanito González 0-0: Ball
1-0: Called Strike
1-1: Fly out, F3 (Popup, 3SF)
Batting: RHB Noel Wells 0-0: Ball
1-0: Ball
2-0: Ground out 6-3 (Groundball, 56)
Bottom of the 7th over - 0 runs, 0 hits, 0 errors, 3 left on base; Chicago 6 - Kingston Township 11
TOP OF THE 8TH
Chicago Hawks batting - Pitching for Kingston Township Legion : RHP Yosuke Takahashi
Pinch Hitting: RHB Kumanosuke Asano 0-0: Called Strike
0-1: Called Strike
0-2: Ball
1-2: Fly out, F3 (Popup, 3F)
Batting: RHB Zander Bailey 0-0: Called Strike
0-1: SINGLE (Line Drive, 9S)
Batting: SHB Javier Gonzáles 0-0: Foul Ball, location: 2F
0-1: Swinging Strike
0-2: Fly out, F4 (Line Drive, 4)
Batting: LHB Félix González 0-0: Fielders Choice at 2nd, 5-4 (Groundball, 56)
Top of the 8th over - 0 runs, 1 hit, 0 errors, 1 left on base; Chicago 6 - Kingston Township 11
BOTTOM OF THE 8TH
Kingston Township Legion batting - Pitching for Chicago Hawks : RHP Stanley Eldrige
Now in LF: Kumanosuke Asano
Batting: LHB Armando Reyes 0-0: Ground out 4-3 (Groundball, 4M)
Batting: RHB Dani Trejo 0-0: Foul Ball, location: 2F
0-1: Ground out 6-3 (Groundball, 6)
Batting: RHB Jim Scott 0-0: Called Strike
0-1: Ball
1-1: Ball
2-1: Ball
3-1: SINGLE (Line Drive, 8LS)
Batting: RHB Júlio Rodríguez 0-0: Foul Ball, location: 2F
Pickoff Throw to First - Out!
Bottom of the 8th over - 0 runs, 1 hit, 0 errors, 0 left on base; Chicago 6 - Kingston Township 11
TOP OF THE 9TH
Chicago Hawks batting - Pitching for Kingston Township Legion : RHP Yosuke Takahashi
Batting: RHB Jorge Salgado 0-0: Fly out, F9 (Line Drive, 9)
Batting: RHB Armando García 0-0: Foul Ball, location: 2F
0-1: Ball
1-1: Fly out, F8 (Flyball, 78D)
Pinch Hitting: RHB Lorenzo Ramírez 0-0: Ball
1-0: Ground out 6-3 (Groundball, 6)
Top of the 9th over - 0 runs, 0 hits, 0 errors, 0 left on base; Chicago 6 - Kingston Township 11
Tuesday, December 19th, 2017 - OOTP Baseball 18.8 Build 76